 Dungeon Crawl Stone Soup version 0.31-a0-145-g046c7d2549 (webtiles) character file.

Game seed: 15253371400057726195

910 jlumianski the Slasher (level 8, -3/54 HPs)
             Began as a Djinni Fire Elementalist on June 6, 2023.
             Slain by a killer bee (5 damage)
             ... on level 4 of the Dungeon.
             The game lasted 00:34:03 (4627 turns).

jlumianski the Slasher (Djinni Fire Elementalist)   Turns: 4627, Time: 00:34:04

Health: -3/54      AC:  8    Str:  7    XL:     8   Next: 30%
Gold:   209        EV: 13    Int: 19    God:
                   SH:  0    Dex: 20

rFire   + + .        r - +2 falchion (protect)
rCold   x . .        (no shield)
rNeg    . . .        h - +0 leather armour
rPois   ∞            (no helmet)
rElec   .            u - +0 cloak
rCorr   .            (no gloves)
SInv    .            (boots unavailable)
Will    .....        (no amulet)
Stlth   ++           c - +4 ring of protection
HPRegen 0.29/turn    y - +6 ring of dexterity
MPRegen 0.00/turn

%: infuse magic (-4 HP)
@: flying, studying Long Blades
A: sickness immunity, fire resistance 2, cold vulnerability 1, float, innate
caster, HP casting, extra vitality 1
a: no special abilities


You were on level 4 of the Dungeon.
You visited 1 branch of the dungeon, and saw 5 of its levels.

You collected 209 gold pieces.

Inventory:

Hand Weapons
 b - a +0 dagger
 i - a +0 rapier
 o - the +7 hammer of Wagross {vamp, rPois rC+ Will+}
   (You found it on level 2 of the Dungeon)

   rC:        It protects you from cold.
   rPois:     It protects you from poison.
   Will:      It increases your willpower.
 r - a +2 falchion of protection (weapon)
 t - a +4 quarterstaff of chaos
 G - a +0 whip of freezing
Missiles
 g - 5 atropa-tipped darts (quivered)
 q - 2 poisoned darts
Armour
 a - a +0 robe
 h - a +0 leather armour (worn)
 u - a +0 cloak (worn)
Jewellery
 c - a +4 ring of protection (left hand)
 d - a ring of resist corrosion
 k - a +4 ring of protection
 y - a +6 ring of dexterity (right hand)
 F - a ring of ice
Scrolls
 e - a scroll of blinking
 f - 2 scrolls of torment {unknown}
 m - a scroll of vulnerability
 n - a scroll of enchant armour {unknown}
 s - a scroll of fog {unknown}
 v - a scroll of magic mapping {unknown}
 x - a scroll of teleportation
 C - a scroll of fear {unknown}
 D - a scroll of noise {unknown}
Potions
 j - a potion of degeneration
 l - 2 potions of mutation
 p - a potion of cancellation
 w - 2 potions of brilliance
 z - a potion of berserk rage {unknown}
 A - a potion of curing
 B - a potion of lignification {unknown}
 E - a potion of ambrosia {unknown}


   Skills:
 + Level 2.3 Fighting
 - Level 0.1(3.6) Short Blades
 + Level 6.0 Long Blades
 + Level 2.8 Armour
 + Level 4.1 Dodging
 + Level 3.0 Stealth
 + Level 0.3 Unarmed Combat
 * Level 4.4 Spellcasting
 * Level 4.4 Conjurations
 * Level 4.4 Hexes
 * Level 4.4 Summonings
 * Level 4.4 Necromancy
 * Level 4.4 Translocations
 * Level 4.4 Transmutations
 * Level 4.4 Fire Magic
 * Level 4.4 Ice Magic
 * Level 4.4 Air Magic
 * Level 4.4 Earth Magic
 * Level 4.4 Poison Magic


You knew the following spells:

 Your Spells              Type           Power      Damage    Failure   Level
a - Foxfire               Conj/Fire      80%        2x1d8     3%          1
b - Scorch                Fire           40%        2d7       4%          2
c - Volatile Blastmotes   Fire/Tloc      40%        2d13      10%         3
d - Inner Flame           Hex/Fire       20%        N/A       10%         3
e - Flame Wave            Conj/Fire      20%        2d7       30%         4
f - Magic Dart            Conj           80%        1d7       3%          1
g - Passwall              Tmut/Erth      16%        N/A       4%          2
h - Vampiric Draining     Necr           20%        2d7       10%         3
Your spell library was empty.

Dungeon Overview and Level Annotations

Branches:
Dungeon (5/15)
 Temple: D:4-7

Altars:
Gozag

Annotations:
D:4 Ijyb
D:5 Eustachio


Innate Abilities, Weirdness & Mutations

You are immune to sickness and miasma.
You are immune to poison.
Your flesh is very heat resistant. (rF++)
You are vulnerable to cold. (rC-)
You float through the air rather than walking.
You learn spells naturally, not from books.
Your magical power is your life essence.
You have superior vitality. (+4 MHP)


Message History

Confirm with . or Enter, or press ? or * to list all spells.
A cloud of volatile blastmotes flares up around you!
The adder bites you. The adder bites you but does no damage.
The adder attacks as you move away! The adder bites you but does no damage.
The cloud of blastmotes explodes!
The concussive blast engulfs the adder!
You kill the adder!
The concussive blast engulfs you. You resist.
You are knocked back by the blast.
The killer bee is no longer more vulnerable to fire.
The killer bee stings you.
* * * LOW HITPOINT WARNING * * *
The killer bee misses you.
You closely miss the killer bee.
The killer bee is moderately wounded.
The killer bee stings you.
* * * LOW HITPOINT WARNING * * *
The killer bee barely misses you.
Casting: Volatile Blastmotes (dangerous; 10% risk of failure)
Confirm with . or Enter, or press ? or * to list all spells.
Okay, then.
Unknown command.
The killer bee stings you.
* * * LOW HITPOINT WARNING * * *
The killer bee attacks as you move away!
The killer bee misses you. The killer bee closely misses you.
The killer bee stings you but does no damage.
The killer bee attacks as you move away!
The killer bee barely misses you. The killer bee stings you!
* * * LOW HITPOINT WARNING * * *
The killer bee closely misses you.
The killer bee attacks as you move away!
The killer bee closely misses you. The killer bee stings you.
* * * LOW HITPOINT WARNING * * *
Hit: r) +2 falchion (protect)
Press: ? - help, Dir - move target, f - killer bee
Aim: a killer bee (moderately wounded, about 55% to evade your +2 falchion of protection)
Okay, then.
The killer bee attacks as you move away!
The killer bee stings you.
You die...

#....#####
#.........#.........
#####.#
##.##.............##
...##.#
#.#####.##.......#
##.##.# #.#
#.##.......# #.##.# #.#
#.####.##### #####.#
#.# #y# #.# ......# #.#
#.# #.#
#...#.#########.#####.#
#.######
................@yyy..#
#.......
#...#.#########.#####.#
####...#
............<...# #.#
##.#.#.
#################
#.#####.##.##
#..........##
#######.##### ##.###.
##.#.# ##.##


You could see 3 killer bees.

Vanquished Creatures
  Pikel (D:4)
  A black bear (D:4)
  2 killer bees (D:3)
  Crazy Yiuf (D:2)
  2 sleepcaps
  Natasha (D:3)
  Terence (D:3)
  A mummy (D:4)
  7 adders
  3 worms
  5 dart slugs
  2 orcs (D:4)
  10 ball pythons
  8 endoplasms
  4 giant cockroaches
  5 goblins
  9 hobgoblins
  6 jackals
  5 kobolds
  A quokka (D:1)
  5 bats
  4 frilled lizards
  6 rats
90 creatures vanquished.

Vanquished Creatures (others)
  149 foxfires
149 creatures vanquished.

Grand Total: 239 creatures vanquished

Notes
Turn   | Place    | Note
-------+----------+-------------------------------------------
     0 | D:1      | jlumianski the Djinni Fire Elementalist began the quest for
                  | the Orb.
     0 | D:1      | jlumianski set off with the following spells memorised:
                  | Foxfire, Scorch, Volatile Blastmotes, Inner Flame, Flame
                  | Wave.
     0 | D:1      | Reached XP level 1. HP: 15/15 MP: 0/0
    66 | D:1      | Reached XP level 2. HP: 20/21 MP: 0/0
   517 | D:1      | Reached XP level 3. HP: 24/25 MP: 0/0
   517 | D:1      | Learned a level 1 spell: Magic Dart
  1100 | D:2      | Reached XP level 4. HP: 31/31 MP: 0/0
  1146 | D:2      | Identified the +7 hammer of Wagross {vamp, rPois rC+ Will+}
  1245 | D:3      | Noticed Natasha
  1470 | D:2      | Identified a scroll of acquirement
  1501 | D:2      | Acquired a manual of Long Blades
  1564 | D:2      | Found a runed translucent door.
  1565 | D:2      | Noticed Crazy Yiuf
  1714 | D:2      | Reached skill level 1 in Long Blades
  1873 | D:2      | Reached XP level 5. HP: 32/36 MP: 0/0
  1873 | D:2      | Learned a level 2 spell: Passwall
  2218 | D:2      | Killed Crazy Yiuf
  2219 | D:2      | Reached skill level 1 in Armour
  2496 | D:5      | Entered Level 5 of the Dungeon
  2512 | D:5      | Reached skill level 2 in Long Blades
  2607 | D:4      | Reached XP level 6. HP: 31/41 MP: 0/0
  2693 | D:4      | Noticed a black bear
  2944 | D:3      | Noticed Terence
  2950 | D:3      | Killed Terence
  2951 | D:3      | Reached skill level 3 in Long Blades
  2958 | D:3      | Found a faded altar of an unknown god.
  3140 | D:3      | Reached skill level 1 in Fighting
  3178 | D:3      | Killed Natasha
  3678 | D:4      | Noticed Ijyb
  3779 | D:5      | Noticed Eustachio
  3827 | D:4      | Killed a black bear
  3828 | D:4      | Reached skill level 4 in Long Blades
  3828 | D:4      | Reached XP level 7. HP: 43/47 MP: 0/0
  3828 | D:4      | Learned a level 3 spell: Vampiric Draining
  3973 | D:5      | Noticed Pikel
  4012 | D:4      | Killed Pikel
  4013 | D:4      | Reached skill level 5 in Long Blades
  4013 | D:4      | Reached XP level 8. HP: 28/54 MP: 0/0
  4194 | D:4      | Found an opulent altar of Gozag.
  4524 | D:3      | Reached skill level 6 in Long Blades
  4626 | D:4      | HP: 2/54 [killer bee (1)]
  4627 | D:4      | Slain by a killer bee

Illustrated notes

Levels and vault maps discovered:
D:1:      lightli_arrival_windingriver, layout_basic, serial_corexii_hall,
          corexii_hall_statues_deadend, chequers_hall_statues_y,
          minmay_octomino_j4
D:2:      layout_basic, serial_corexii_hall, corexii_hall_statues_deadend,
          chequers_hall_statues_corner_a, chequers_hall_statues_corner_a,
          corexii_hall_statues_t, minmay_3d_cube, uniq_crazy_yiuf_cottage
D:3:      layout_basic, ebering_ecumenical_altar_sacrificial, uniq_terence,
          uniq_natasha
D:4:      nicolae_cairo_tiling_large, layout_loops_ring,
          lemuel_coloured_pillars_altar, gup_ossuary_entry_pyramid,
          columned_hall_lemuel, uniq_ijyb
D:5:      layout_cave_pools, serial_shops, nicolae_lakefront_shop,
          eino_small_chamber_without_monster, minmay_mini_ossuary, uniq_pikel,
          uniq_sigmund, uniq_eustachio

Skill      XL: |  1  2  3  4  5  6  7  8 |
---------------+-------------------------+-----
Spellcasting   | 4 |  4.4
Conjurations   | 4 |  4.4
Hexes          | 4 |  4.4
Summonings     | 4 |  4.4
Necromancy     | 4 |  4.4
Translocations | 4 |  4.4
Transmutations | 4 |  4.4
Fire Magic     | 4 |  4.4
Ice Magic      | 4 |  4.4
Air Magic      | 4 |  4.4
Earth Magic    | 4 |  4.4
Poison Magic   | 4 |  4.4
Stealth        | 2 3 |  3.0
Dodging        | 3 4 |  4.1
Long Blades    | 1 2 4 5 6 |  6.0
Armour         | 1 2 |  2.8
Fighting       | 1 2 |  2.3
Short Blades   | |  0.1
Unarmed Combat | |  0.3

Action                     |  1- 3 |  4- 6 |  7- 9 || total
---------------------------+-------+-------+-------++-------
  Melee: Unarmed           |     7 |       |       ||     7
         Dagger            |    10 |       |       ||    10
         Rapier            |    10 |     6 |       ||    16
         Falchion          |       |    71 |    22 ||    93
   Cast: Foxfire           |    33 |    44 |     6 ||    83
         Scorch            |     1 |    22 |     4 ||    27
         Volatile Blastmot |       |     1 |     2 ||     3
         Magic Dart        |       |     1 |       ||     1
         Passwall          |       |       |     3 ||     3
    Use: Scroll            |       |     9 |       ||     9
         Potion            |       |     1 |       ||     1
   Stab: Sleeping          |     1 |     4 |       ||     5
 Armour: Robe              |     5 |       |       ||     5
         Leather armour    |     9 |    36 |    38 ||    83
  Dodge: Dodged            |    26 |    58 |    72 ||   156

Table legend: (Time is in decaauts)
 A = Elapsed time spent in this place.
 B = Non-inter-level travel time spent in this place.
 C = Inter-level travel time spent in this place.
 D = Time resting spent in this place.
 E = Time spent auto-exploring this place.
 F = Levels seen in this place.
 G = Mean time per level.
                   A        B        C        D        E       F      G
               +--------+--------+--------+--------+--------+-----+--------+
         Total |   4652 |   4528 |    124 |    221 |   2433 |   5 |  930.4 |
       Dungeon |   4652 |   4528 |    124 |    221 |   2433 |   5 |  930.4 |
               +--------+--------+--------+--------+--------+-----+--------+

Top non-repeatable levels by time:
     D:4: 1439 daAuts
     D:2: 1156 daAuts
     D:1: 1028 daAuts
     D:3: 977 daAuts
     D:5: 49 daAuts
